Map: Acid Plant LE

Players

sOs - Winner!

  • Race: Protoss Protoss
  • Spawn Location: 5:00

Zest

  • Race: Protoss Protoss
  • Spawn Location: 11:00

Event: 2018 WCS Global Finals

VOD

Have the link to the VOD?

Description

Time

  • Played on: Oct. 28, 2018, 4:45 p.m.
  • Length: 13:54

All games in this series

Show
View Real Time Build Order
Export as new Build Order

sOs Protoss - Winner!

Build Orders: Blink Stalkers, Dark Templar Rush 

Get SALT Encoding   

  12  0:00  Probe  
  13  0:12  Probe  
  14  0:17  Pylon  
  14  0:23  Probe  
  15  0:31  Probe  
  15  0:36  Gateway  
  15  0:39  Probe  
  16  0:46  Assimilator  
  17  0:50  Probe  
  17  0:54  Assimilator  
  18  0:58  Probe  
  19  1:06  Probe, Gateway  
  20  1:17  Probe  
  20  1:24  Cybernetics Core  
  21  1:29  Probe  
  22  1:36  Pylon  
  22  1:41  Probe  
  23  1:54  Probe  
  24  2:00  Stalker  
  28  2:01  Warp Gate, Sentry  
  28  2:08  Pylon  
  28  2:31  Stalker x2  
  28  2:35  Twilight Council  
  32  3:06  Nexus  
  32  3:08  Pylon  
  32  3:13  Probe  
  32  3:18  Shield Battery  
  33  3:27  Dark Shrine  
  34  3:34  Blink  
  34  3:40  Probe  
  31  3:52  Probe  
  32  3:58  Robotics Facility  
  32  4:00  Shield Battery  
  32  4:04  Probe, Shield Battery  
  33  4:12  Stalker x2  
  37  4:22  Pylon  
  37  4:35  Gateway  
  37  4:40  Dark Templar  
  39  4:46  Warp Prism  
  42  5:14  Nexus  
  41  5:17  Probe  
  42  5:22  Observer  
  43  5:32  Probe  
  43  5:34  Gateway  
  44  5:44  Probe  
  42  5:50  Stalker x2  
  43  6:14  Probe  
  44  6:30  Dark Templar  
  44  6:31  Probe  
  47  6:40  Dark Templar  
  47  6:43  Probe  
  47  6:46  Probe  
  51  6:52  Stalker  
  51  6:55  Probe  
  51  6:56  Resonating Glaives  
  51  7:01  Probe  
  49  7:04  Probe  
  49  7:09  Probe  
  49  7:12  Probe  
  50  7:17  Probe  
  50  7:21  Probe  
  52  7:29  Probe  
  54  7:33  Probe  
  54  7:39  Stalker  
  54  7:42  Immortal  
  60  7:44  Probe  
  60  7:49  Probe  
  62  7:51  Sentry, Pylon  
  64  8:00  Probe  
  64  8:01  Probe  
  66  8:13  Probe x2  
  68  8:20  Gateway x2  
  68  8:34  Immortal  
  68  8:40  Gateway  
  68  8:43  Gateway x2  
  68  8:47  Pylon  
  74  8:50  Adept x2  
  74  8:54  Adept  
  78  9:00  Pylon  
  78  9:04  Observer  
  78  9:08  Assimilator  
  78  9:09  Assimilator  
  78  9:18  Pylon  
  78  9:25  Archon  
  78  9:27  Dark Templar x2  
  78  9:31  Adept x2, Archon  
  82  9:32  Adept  
  88  9:44  Adept x3  
  94  9:47  Pylon  
  94  10:00  Adept x3  
  100  10:12  Adept x3  
  86  10:24  Sentry x4  
  86  10:27  Pylon  
  80  10:43  Adept x4  
  76  10:51  Adept x2  
  76  10:56  Sentry  
  76  10:57  Sentry  
  78  11:10  Adept x4  
  80  11:18  Adept x2  
  80  11:23  Adept  
  74  11:28  Adept  
  74  11:32  Adept  
  68  11:37  Sentry  
  68  11:38  Sentry  
  68  11:42  Adept  
  68  11:46  Dark Templar  
  72  11:53  Adept  
  72  11:54  Adept  
  74  12:00  Adept x2  
  64  12:13  Observer  
  56  12:18  Adept x4  
  64  12:31  Adept x3  
  69  12:45  Dark Templar  
  69  12:46  Dark Templar  
  69  12:49  Archon  
  73  12:53  Adept x3  
  79  13:00  Adept x2  
  83  13:11  Dark Templar  
  72  13:38  Adept x5  
Show
View Real Time Build Order
Export as new Build Order

Zest Protoss 

Build Orders:  

Get SALT Encoding   

  12  0:00  Probe  
  13  0:12  Probe  
  14  0:17  Pylon  
  14  0:24  Probe  
  15  0:32  Probe  
  15  0:36  Gateway  
  15  0:40  Probe  
  16  0:46  Assimilator  
  17  0:50  Probe  
  18  0:58  Probe  
  18  1:03  Assimilator  
  19  1:06  Probe  
  20  1:13  Gateway  
  20  1:17  Probe  
  20  1:25  Cybernetics Core  
  21  1:29  Probe  
  22  1:35  Pylon  
  22  1:41  Probe  
  23  1:51  Warp Gate  
  23  1:53  Probe  
  24  2:01  Adept x2  
  28  2:10  Pylon  
  28  2:28  Stalker x2  
  32  2:35  Robotics Facility  
  31  2:50  Gateway  
  31  2:58  Stalker  
  33  2:59  Stalker  
  35  3:07  Pylon  
  35  3:14  Shield Battery  
  35  3:15  Warp Prism  
  35  3:57  Stalker  
  35  3:58  Stalker x2  
  35  4:00  Observer  
  42  4:05  Pylon  
  42  4:32  Nexus  
  42  4:35  Immortal  
  42  4:39  Sentry  
  48  4:54  Pylon  
  48  4:55  Probe  
  50  5:07  Probe  
  50  5:15  Observer  
  50  5:19  Probe  
  47  5:31  Probe  
  47  5:36  Adept x2  
  51  5:55  Observer  
  51  5:59  Probe  
  49  6:10  Adept x3  
  55  6:11  Probe  
  56  6:20  Observer  
  56  6:25  Probe  
  53  6:26  Probe  
  54  6:35  Probe  
  54  6:37  Probe  
  54  6:43  Probe  
  54  6:45  Observer  
  57  6:58  Stalker x3  
  60  7:01  Probe  
  60  7:02  Probe  
  60  7:10  Probe  
  60  7:14  Probe  
  62  7:17  Forge  
  62  7:18  Pylon  
  62  7:21  Adept x2, Probe  
  62  7:22  Adept  
  68  7:26  Probe  
  68  7:31  Protoss Ground Weapons Level 1  
  68  7:39  Probe x2  
  70  7:45  Pylon  
  70  7:47  Assimilator  
  70  7:51  Assimilator  
  70  8:03  Probe x2  
  72  8:06  Immortal  
  72  8:09  Pylon  
  76  8:15  Probe x2  
  76  8:19  Phoenix  
  78  8:24  Pylon  
  78  8:28  Probe  
  77  8:42  Gateway  
  77  8:43  Gateway  
  77  8:45  Twilight Council, Gateway  
  77  8:47  Immortal  
  81  8:59  Shield Battery  
  81  9:13  Resonating Glaives  
  81  9:17  Protoss Ground Weapons Level 2, Shield Battery  
  81  9:19  Immortal  
  81  9:28  Adept x3  
  81  9:30  Observer  
  91  9:38  Photon Cannon  
  91  9:40  Photon Cannon  
  91  9:43  Sentry  
  93  9:50  Templar Archives  
  93  9:58  Pylon  
  93  10:03  Pylon  
  93  10:13  Adept x3  
  93  10:14  Adept x2  
  93  10:20  Shield Battery  
  88  10:26  Adept  
  90  10:28  Warp Prism  
  92  10:41  Adept x3  
  90  10:43  Adept  
  78  10:56  Adept x2  
  73  11:05  Adept x3  
  67  11:17  Adept x3  
  70  11:24  Adept  
  64  11:28  Adept x2  
  56  11:37  High Templar x2  
  56  11:41  Archon  
  56  11:45  High Templar x2  
  58  11:48  Archon  
  56  11:55  High Templar x2  
  56  11:59  Archon  
  50  12:30  Probe x2  
  52  12:42  Sentry  
  52  12:43  High Templar x2  
  52  12:44  Probe x2  
  60  12:46  Assimilator  
  60  12:49  Archon  
  60  13:00  Probe x2  
  60  13:01  Adept x2  
  60  13:02  Adept  
  63  13:23  Adept x3  
  63  13:24  Adept x2  
Tags
 
Add a new tag
Caveats
  • Supply blocks, unpowered buildings, or Contaminate may cause inaccurate times.
  • Supply counts are checked every 10 seconds.